[Event "Late-Titled-Tuesday-Blitz-April-23-2024"]
[Site "Chess.com"]
[Date "2024.04.23"]
[Round "7"]
[White "Flaccidmoves"]
[Black "lluiss"]
[Result "0-1"]
[WhiteElo "2391"]
[BlackElo "2152"]
[TimeControl "180+1"]
[EndTime "15:19:43 PDT"]
[Termination "lluiss won on time"]

1. Nf3 Nf6 2. b3 d6 3. Bb2 e5 4.
d3 Nc6 5. g3 g6 6. Bg2 Bg7 7. O-O O-O 8. c4 h6 9. Nc3 Be6 10. Nd2 Qd7 11. Nd5 Nh5 12. Qc2 Rab8 13. a3 Ne7 14. b4 c6 15. Nxe7+ Qxe7 16. c5 d5 17. Nf3 Bd7 18. d4 exd4 19. Bxd4 Bf5 20. Qb2 Be4 21. e3 Bxd4 22. Nxd4 Bxg2 23. Kxg2 Nf6 24. Rac1 a6 25. Rfd1 h5 26. a4 h4 27. b5 axb5 28. axb5 Qe4+ 29. f3 Qxe3 30. Re1 Qg5 31. bxc6 bxc6 32. Qc3 hxg3 33. hxg3 Nh5 34. g4 Nf4+ 35. Kf2 Rbe8 36. Rh1 Qf6 37. g5 Qg7 38. Rce1 Ne6 39. Ne2 Qxc3 40. Nxc3 Nxg5 41. Na4 Ne6 42. Rb1 Ra8 43. Nb6 Ra2+ 44. Kg3 Nxc5 45. Rbc1 Ne6 46. Rxc6 d4 47. Rd6 Ra6 48. Rb1 Rb8 49. Kf2 d3 50. Ke3 Nc5 51. Rc1 Ne6 0-1

[Event "Late-Titled-Tuesday-Blitz-April-23-2024"]
[Site "Chess.com"]
[Date "2024.04.23"]
[Round "7"]
[White "ACollins05"]
[Black "HamedWafa4"]
[Result "1-0"]
[WhiteElo "2545"]
[BlackElo "2700"]
[TimeControl "180+1"]
[EndTime "15:19:44 PDT"]
[Termination "ACollins05 won by resignation"]

1. a3 a6 2. b4 b5 3. Bb2 Bb7 4.
e3 Nf6 5. Nf3 e6 6. Be2 c5 7.
bxc5 Bxc5 8. d4 Be7 9. c4 bxc4 10.
Bxc4 O-O 11. O-O Nc6 12. Nbd2 Rc8 13. Qe2 Qb6 14. Rab1 Qa7 15. Rfc1 Na5 16. Bd3 Rxc1+ 17. Rxc1 Rb8 18. Rb1 Bd5 19. Bc3 Rxb1+ 20. Nxb1 Nb3 21.
Bb4 Bxb4 22. axb4 Nc1 23. Qc2 g5 24. Qxc1 g4 25. Ne5 Qb7 26. Bf1 Qxb4 27. Bxa6 d6 28. Nd3 Qb6 29. Bc8 Be4 30. Nb2 Nd5 31. Nd2 Bg6 32.
Nbc4 Qc6 33. Nb3 Qxc8 34. Nxd6 Qb8 35. Qc8+ Qxc8 36. Nxc8 Nc3 37. Ne7+ Kg7 38. Nxg6 hxg6 39. Kf1 f5 40. Nc5 Kf6 41. Nd3 g5 42. Ne5 Ne4 43. Ke2 Nc3+ 44. Kd3 Ne4 45. f3 gxf3 46. gxf3 Nf2+ 47.
Ke2 Nh3 48. Kf1 g4 49. fxg4 Kg5 50. Kg2 fxg4 51. Kg3 Ng1 52. Nxg4 Ne2+ 53. Kf2 Nc3 54.
Ne5 Ne4+ 55. Kf3 Nd2+ 56. Kg3 Nf1+ 57. Kf2 Nxh2 58. Kg2 Ng4 59. Nxg4 Kxg4 60. Kf2 Kg5 61. Kg3 Kf5 62. Kf3 Kf6 63. Kf4 Kf7 64. Ke5 Ke7 65. e4 Kf7 66. Kd6 Kf6 67. e5+ Kf5 68. Ke7 Ke4 69.
Kxe6 Kxd4 70. Kf6 1-0

[Event "Late-Titled-Tuesday-Blitz-April-23-2024"]
[Site "Chess.com"]
[Date "2024.04.23"]
[Round "7"]
[White "NovakRatko"]
[Black "cthake"]
[Result "1-0"]
[WhiteElo "2382"]
[BlackElo "1874"]
[TimeControl "180+1"]
[EndTime "15:19:45 PDT"]
[Termination "NovakRatko won by checkmate"]

1. d4 Nf6 2. c4 e6 3. a3 c5 4. d5 exd5 5. cxd5 d6 6. Nc3 g6 7. e4 Bg7 8. f4 O-O 9. Bd3 a6 10. a4 Re8 11. Nge2 Bg4 12. O-O Nbd7 13. a5 Rc8 14. h3 Bxe2 15. Qxe2 Nh5 16. Qf3 c4 17. Bc2 Nc5 18. Be3 b5 19. axb6 Qxb6 20. Na4 Qb5 21. Nxc5 Qxb2 22. Ba4 dxc5 23. Bxe8 Rxe8 24. e5 f5 25. d6 c3 26. Qd5+ Kh8 27. d7 Rd8 28. Rxa6 c2 29. Ra8 Qb6 30. Bxc5 Qc7 31. Rxd8+ Qxd8 32. Be7 Qxe7 33. d8=Q+ Qf8 34. Q5d6 Kg8 35. Qe6+ Kh8 36. Qxf8+ Bxf8 37. Qe8 Kg7 38. Qd7+ Kg8 39. Qc8 Kg7 40. Qxc2 Ng3 41. Rd1 Ne4 42. Rd7+ Kh6 43. Qc8 Bc5+ 44. Kh2 Bf2 45. g4 fxg4 46. hxg4 Bg3+ 47.
Kg2 Bxf4 48. Kf3 Kg5 49. Qd8+ Kh6 50. Kxf4 Nc5 51. Qh4# 1-0

[Event "Late-Titled-Tuesday-Blitz-April-23-2024"]
[Site "Chess.com"]
[Date "2024.04.23"]
[Round "7"]
[White "egnfanclub"]
[Black "ozates"]
[Result "0-1"]
[WhiteElo "2374"]
[BlackElo "2561"]
[TimeControl "180+1"]
[EndTime "15:19:47 PDT"]
[Termination "ozates won by resignation"]

1. e4 e5 2. Nf3 Nc6 3. Nc3 g6 4. d4 exd4 5. Nxd4 Bg7 6. Nxc6 bxc6 7. Bc4 Ne7 8. h4 h5 9. Bg5 Rb8 10. Qf3 O-O 11. O-O-O d6 12. Qe3 Be6 13. Bb3 c5 14. Nd5 Bxd5 15. exd5 Re8 16. c3 Nf5 17. Qd2 Qd7 18.
Bc2 a5 19. g4 hxg4 20. h5 Qb5 21. b3 Re2 22. Qf4 c4 23. hxg6 cxb3 24. gxf7+ Kf8 25. Bxb3 Qc5 26. Rd3 Rxb3 27. axb3 Rxf2 28. Qxg4 Qa3+ 29. Kd1 Qxb3+ 30. Ke1 Qc2 31. Rd2 Rxd2 32. Bxd2 Qb1+ 33. Ke2 Qxh1 34. Qxf5 Qg2+ 35. Kd3 Qg3+ 36. Be3 Qe5 37. Qc8+ Kxf7 38. Qxc7+ Kg6 39. Qd7 Qxd5+ 40. Kc2 Qa2+ 41. Kd3 Qd5+ 42. Bd4 Bxd4 43. cxd4 Qb3+ 44. Ke4 Qc2+ 45. Kd5 Qf5+ 46. Qxf5+ Kxf5 47. Kxd6 a4 48. Kc6 a3 49. d5 a2 50. d6 a1=Q 51. d7 Qa5 52. Kb7 Qd8 0-1

[Event "Late-Titled-Tuesday-Blitz-April-23-2024"]
[Site "Chess.com"]
[Date "2024.04.23"]
[Round "7"]
[White "Balla_Tamas"]
[Black "JaackCamel"]
[Result "1-0"]
[WhiteElo "2546"]
[BlackElo "2247"]
[TimeControl "180+1"]
[EndTime "15:19:49 PDT"]
[Termination "Balla_Tamas won on time"]

1. e4 e6 2. d4 d5 3. Nd2 c5 4. exd5 Qxd5 5. Ngf3 cxd4 6. Bc4 Qd6 7. O-O Nf6 8. Nb3 Nc6 9. Nbxd4 Nxd4 10. Nxd4 a6 11. Re1 Qc7 12. Bb3 Bd6 13. Nf5 Bxh2+ 14. Kh1 O-O 15. Nxg7 Rd8 16. Qf3 Kxg7 17. Bh6+ Kg6 18. c3 Nh5 19. Bc1 Bf4 20. Bd1 Rxd1 21. Rxd1 Bxc1 22. Raxc1 e5 23. Rd2 Be6 24. Rcd1 Rg8 25.
Rd6 Qe7 26. Qe4+ Kg7 27. Qxe5+ Nf6 28. R1d3 Kh8 29. Rf3 Rg6 30. Rd4 Kg8 31. Rg3 Rxg3 32. Qxg3+ Kf8 33. Qg5 Ng8 34. Qe5 Qf6 35. Qg3 Qg6 36.
Qd6+ Kg7 37. Rd3 Kh8 38. Rg3 Qh6+ 39. Kg1 Qc1+ 40. Kh2 Qh6+ 41. Kg1 Qc1+ 42. Kh2 Qh6+ 43. Rh3 Bxh3 44. Qd4+ Qf6 45. Qe4 Bf5 46. Qxb7 Qe5+ 47. Kg1 Qe1+ 48. Kh2 Qxf2 49. Qc6 Qf4+ 50. Kg1 1-0

[Event "Late-Titled-Tuesday-Blitz-April-23-2024"]
[Site "Chess.com"]
[Date "2024.04.23"]
[Round "7"]
[White "emeli_chess"]
[Black "Meri-Arabidze"]
[Result "1-0"]
[WhiteElo "2478"]
[BlackElo "2669"]
[TimeControl "180+1"]
[EndTime "15:19:50 PDT"]
[Termination "emeli_chess won by checkmate"]

1. d4 Nf6 2. c4 e6 3. Nc3 Bb4 4. Qc2 O-O 5. a3 Bxc3+ 6. Qxc3 b6 7. Bg5 Bb7 8. f3 h6 9. Bh4 d6 10. e3 Nbd7 11. Bd3 e5 12. Ne2 Qe8 13. d5 e4 14.
Bc2 a5 15. f4 a4 16. h3 Nh7 17.
g4 Nc5 18. f5 Ng5 19. Bxg5 hxg5 20. h4 Qe7 21. hxg5 Qxg5 22. O-O-O Nd3+ 23. Bxd3 Qxe3+ 24. Qd2 Qxd3 25. Qxd3 exd3 26. Rxd3 Rfe8 27. Rdh3 Kf8 28. Ng3 f6 29. Nh5 Re4 30. Nxg7 Rxc4+ 31. Kb1 Bxd5 32. Ne6+ Bxe6 33. fxe6 Rxg4 34. Rh8+ Rg8 35. R8h7 Rg7 36. Rh8+ Rg8 37. R1h7 Rxh8 38. Rxh8+ Ke7 39. Rxa8 Kxe6 40. Kc2 f5 41. Kd3 Kd5 42. Rxa4 b5 43. Rh4 c5 44.
b3 Ke5 45. a4 c4+ 46. bxc4 bxa4 47. c5 dxc5 48. Rxa4 f4 49. Re4+ Kf5 50. Re8 Kg4 51. Ke4 c4 52. Rg8+ Kh3 53. Kxf4 c3 54. Rc8 Kh2 55.
Rxc3 Kh1 56. Kg3 Kg1 57. Rc1# 1-0

[Event "Late-Titled-Tuesday-Blitz-April-23-2024"]
[Site "Chess.com"]
[Date "2024.04.23"]
[Round "7"]
[White "GlavkonVVS"]
[Black "DominguezOnYoutube"]
[Result "0-1"]
[WhiteElo "2663"]
[BlackElo "2964"]
[TimeControl "180+1"]
[EndTime "15:19:53 PDT"]
[Termination "DominguezOnYoutube won by resignation"]

1. c4 c5 2. Nc3 g6 3. g3 Bg7 4.
Bg2 Nc6 5. Nf3 d6 6. d3 Nf6 7.
a3 O-O 8. Rb1 d5 9. cxd5 Nxd5 10. Bd2 Nxc3 11. bxc3 b6 12. h4 h5 13. O-O Bb7 14. Ng5 Qd7 15. Ne4 Rad8 16. Re1 Ba8 17. Qa4 Ne5 18. Qc2 Bc6 19. Bg5 Ng4 20. Qc1 Qe6 21. Bf4 Qd7 22. Bf3 Nf6 23. Nxf6+ Bxf6 24. Bxc6 Qxc6 25. Qe3 Qa4 26. Be5 Rd5 27. Bxf6 exf6 28. Qe7 Kg7 29. c4 Re5 30. Qb7 Rfe8 31. Kf1 R8e7 32.
Qa8 f5 33. Qf3 Qxa3 34. Ra1 Qc3 35. Ra2 Qd4 36. Rb1 R5e6 37. Rba1 a5 38. Rb1 Rf6 39.
Rab2 Ree6 40. Rb5 f4 41. g4 hxg4 42. Qxg4 Qe5 43. Kg2 a4 44. Qf3 a3 45. Rd1 a2 46.
d4 Qxe2 47. Qxe2 Rxe2 48. Ra1 cxd4 49. Kf3 d3 50. Rd5 Rd2 51. Ke4 Rc6 52. Rxd3 Rxc4+ 53. Kd5 Rxd3+ 54. Kxc4 Ra3 55. Kb4 Ra5 56. f3 Kh6 57.
Kb3 Kh5 58. Kb2 Kxh4 59. Rh1+ Kg3 0-1

[Event "Late-Titled-Tuesday-Blitz-April-23-2024"]
[Site "Chess.com"]
[Date "2024.04.23"]
[Round "7"]
[White "Airquake"]
[Black "Harsha_Bharathakoti"]
[Result "1-0"]
[WhiteElo "2674"]
[BlackElo "2888"]
[TimeControl "180+1"]
[EndTime "15:19:54 PDT"]
[Termination "Airquake won by resignation"]

1. e4 g6 2. Nf3 Bg7 3. d4 d6 4. c3 a6 5. Be3 Nf6 6. Nbd2 O-O 7.
h3 Nc6 8. Bd3 e5 9. O-O Nh5 10.
Re1 h6 11. Qb3 Kh7 12. Rad1 Rb8 13. dxe5 dxe5 14. Nc4 Be6 15. Qa3 Qc8 16. Bf1 Re8 17. Na5 Ne7 18. Nb3 Nf4 19. Nc5 Nc6 20. Nxe6 Qxe6 21. Rd2 Bf8 22. Qa4 Rbd8 23. Red1 Rxd2 24. Rxd2 Rd8 25. Rxd8 Nxd8 26. Bxf4 exf4 27. e5 g5 28. Bd3+ Kg8 29. Qe4 Bg7 30. Bc4 Qd7 31. Nd4 b5 32.
Bb3 c5 33. e6 fxe6 34. Bxe6+ Nxe6 35. Nxe6 c4 36. Nc5 Qd6 37. Qe8+ Kh7 38. Ne6 Qe5 39.
Qf7 Qf6 40. Qd7 h5 41. Qd5 Kh6 42. Nd8 Kg6 43. Nc6 g4 44. hxg4 hxg4 45. Qe4+ Kg5 46.
Nd4 Kh6 47. Nf5+ Kg5 48. Nd4 Kh5 49. Ne6 Bh6 50. Nc5 f3 51. gxf3 gxf3 52. Kf1 Qf4 53. Qxf4 Bxf4 54. Nxa6 Bc1 55. Nc7 Bxb2 56. Nxb5 Kg4 57.
a4 Bc1 58. a5 1-0

[Event "Late-Titled-Tuesday-Blitz-April-23-2024"]
[Site "Chess.com"]
[Date "2024.04.23"]
[Round "7"]
[White "GMKrikor"]
[Black "TimGrutter03"]
[Result "1-0"]
[WhiteElo "2883"]
[BlackElo "2614"]
[TimeControl "180+1"]
[EndTime "15:19:54 PDT"]
[Termination "GMKrikor won by resignation"]

1. Nf3 a6 2. e4 c6 3. d4 d5 4. Nc3 dxe4 5. Nxe4 Nf6 6. Nxf6+ exf6 7. Bd3 c5 8. O-O cxd4 9. Nxd4 Be7 10. Nf5 Bxf5 11. Bxf5 Qxd1 12. Rxd1 g6 13. Be4 Nc6 14. c3 O-O 15.
Be3 f5 16. Bf3 Rfd8 17. Bb6 Rxd1+ 18. Rxd1 Ne5 19. Be2 f4 20. Rd5 f6 21. a4 Kf7 22. a5 Ke6 23. Rd4 g5 24. Kf1 Rc8 25.
Bd1 Bc5 26. Rd8 Rxd8 27. Bxd8 Be7 28. Bb6 Bd6 29. b4 h6 30. Ke2 f3+ 31. gxf3 Ng6 32. Bc2 f5 33. Bb3+ Kd7 34. Kf1 Bxh2 35. Bd5 Kc8 36.
Be6+ Kb8 37. Bxf5 Ne7 38. Be4 Bc7 39. Bd4 Nc6 40. Bg7 h5 41. Bh6 Bf4 42. Kg2 Bd2 43. Bg6 Bxc3 44. Bxg5 Bxb4 45. Bxh5 Bxa5 46. f4 Bc7 47. f5 a5 48. f6 Bd6 49. f7 Ka7 50. Bh6 a4 51. f8=Q Bxf8 52. Bxf8 b5 53. Be8 Nd4 54. Bc5+ Ka6 55. Bxd4 b4 56. Bxa4 Ka5 57.
Bb3 1-0

[Event "Late-Titled-Tuesday-Blitz-April-23-2024"]
[Site "Chess.com"]
[Date "2024.04.23"]
[Round "7"]
[White "N_I_Chess"]
[Black "Bilan_Danila"]
[Result "0-1"]
[WhiteElo "2386"]
[BlackElo "2570"]
[TimeControl "180+1"]
[EndTime "15:19:55 PDT"]
[Termination "Bilan_Danila won by checkmate"]

1. d4 d5 2. c4 c6 3. cxd5 cxd5 4. Bg5 Nf6 5. Bxf6 gxf6 6. Nc3 Nc6 7. e3 e6 8. Bd3 Bd6 9. Nge2 f5 10. Rc1 Bd7 11.
a3 Rc8 12. b4 a5 13. b5 Ne7 14.
a4 Ng6 15. g3 O-O 16. h4 Qf6 17. Kf1 Kh8 18. Kg2 Rg8 19. Kf1 Rc7 20. f3 Ba3 21. Rc2 Rgc8 22. Kf2 Bb4 23. Qa1 b6 24. Qb2 Qe7 25. h5 Nf8 26. Rhc1 Ba3 27. Qb1 Bxc1 28.
Qxc1 h6 29. Na2 Rxc2 30. Bxc2 Nh7 31. Qb2 Nf6 32. Nf4 Kg7 33. Bd3 Qd6 34. Ne2 Qc7 35. Nf4 Nh7 36. Ne2 Qd8 37. Nac3 Qg5 38. Nf4 Nf6 39.
Nce2 Nxh5 40. Kg2 Nxf4+ 41. Nxf4 Qe7 42. Nh5+ Kg8 43. Nf4 Qb4 44. Qf2 Qxa4 45. g4 fxg4 46. fxg4 Qd1 47. Kg3 Rc1 48. Nh3 e5 49. dxe5 Qxg4+ 50. Kh2 Qxh3# 0-1

[Event "Late-Titled-Tuesday-Blitz-April-23-2024"]
[Site "Chess.com"]
[Date "2024.04.23"]
[Round "7"]
[White "Bykov_Egor"]
[Black "prochn"]
[Result "1-0"]
[WhiteElo "2612"]
[BlackElo "2465"]
[TimeControl "180+1"]
[EndTime "15:19:58 PDT"]
[Termination "Bykov_Egor won on time"]

1. d4 d5 2. c4 c6 3. Nf3 Nf6 4. Nc3 dxc4 5. a4 Bf5 6. Ne5 Nbd7 7. Nxc4 Qc7 8. g3 e5 9. dxe5 Nxe5 10. Bf4 Nfd7 11.
Bg2 g5 12. Ne3 gxf4 13. Nxf5 O-O-O 14. Qc2 fxg3 15. hxg3 Kb8 16. a5 a6 17. Ne4 Bb4+ 18. Kf1 Ng4 19. Qb3 Bxa5 20. Rh4 h5 21. Ned6 Nde5 22.
Rxa5 Rxd6 23. Nxd6 Qxd6 24. Ra1 Qc5 25. e3 Rd8 26. Kg1 Rd2 27. Rf1 Nd3 28. Qc3 Qxc3 29. bxc3 Ndxf2 30. Rxh5 Nd3 31. Rxf7 Nxe3 32. Bf1 Rd1 33.
Rhh7 Ka8 34. g4 Ne5 35. Rf8+ Ka7 36. g5 Nxf1 37. Rxf1 Rd3 38. Rh2 Nf3+ 39. Rxf3 Rxf3 40. g6 Rf8 41. Rg2 Rg8 42. Kh2 a5 43. Kh3 a4 44.
Kh4 Ka6 45. Kg5 b5 46. Kf6 c5 47. Kf7 Rxg6 48. Rxg6+ Ka5 49. Ke6 a3 50. Kd5 c4 51.
Kc5 Ka4 52. Rg2 1-0

[Event "Late-Titled-Tuesday-Blitz-April-23-2024"]
[Site "Chess.com"]
[Date "2024.04.23"]
[Round "7"]
[White "MeisterJabo"]
[Black "finec2"]
[Result "1-0"]
[WhiteElo "2491"]
[BlackElo "2232"]
[TimeControl "180+1"]
[EndTime "15:19:58 PDT"]
[Termination "MeisterJabo won on time"]

1. c4 Nf6 2. g3 g6 3. Bg2 Bg7 4. Nc3 O-O 5. b4 d6 6. Nf3 e5 7. O-O h6 8. Rb1 Be6 9. d3 c6 10. b5 Qd7 11. Ba3 c5 12. e4 Qd8 13. Bc1 Kh7 14. h3 Nbd7 15. Kh2 Nh5 16. Nh4 Bf6 17.
Nf3 Be7 18. Nd5 Bxd5 19. cxd5 Ng7 20. Qd2 g5 21. g4 Re8 22. h4 f6 23. Kg3 Kg6 24.
Rh1 Rh8 25. a4 Kf7 26. h5 a5 27. bxa6 bxa6 28. Qc2 Qa5 29. Bd2 Qd8 30. Rb7 Rb8 31.
Rhb1 Rxb7 32. Rxb7 Qc8 33. Qb1 Rd8 34. Ba5 Re8 35.
Bc7 Qa8 36. Nd2 Rc8 37. Nc4 Ne8 38. Ba5 Rb8 39. Rxb8 Qxb8 40. Qd1 Qb7 41. Qf3 Ng7 42. Qd1 Ke8 43. Bf3 Kf7 44. Qc2 Ke8 45. Bd1 Kf7 46. Qd2 Ke8 47. Bc2 Kf7 48. Qc3 Ne8 49. Ne3 Ng7 50. Bb3 Ke8 51. Bc4 Kf7 52. Qb3 Qxb3 53. Bxb3 Ke8 54. Bc4 Bd8 55. Bxd8 Kxd8 56. Bxa6 Kc7 57.
Bb5 Nb6 58. a5 Nc8 59. Nc4 Na7 60. Ba4 1-0

[Event "Late-Titled-Tuesday-Blitz-April-23-2024"]
[Site "Chess.com"]
[Date "2024.04.23"]
[Round "7"]
[White "zsizsi99"]
[Black "Bryanl106"]
[Result "0-1"]
[WhiteElo "2489"]
[BlackElo "2693"]
[TimeControl "180+1"]
[EndTime "15:19:59 PDT"]
[Termination "Bryanl106 won by checkmate"]

1. e4 e5 2. Nf3 Nc6 3. Bb5 a6 4. Ba4 Nf6 5. d3 b5 6. Bb3 Be7 7. O-O d6 8. a4 Rb8 9. c3 O-O 10.
Nbd2 Na5 11. Bc2 c5 12. Re1 b4 13. d4 Qc7 14. Nf1 b3 15. Bb1 c4 16. h3 Nc6 17. Ne3 Na5 18. Nd5 Nxd5 19. exd5 exd4 20. Qxd4 Bf6 21. Qf4 Bd7 22. Be3 Rbe8 23. Ng5 Bxg5 24. Qxg5 Nb7 25. Qh4 f5 26. Rd1 Nc5 27. Qxc4 f4 28.
Bxc5 Qxc5 29. Qxc5 dxc5 30. Bd3 f3 31. g3 Bxh3 32.
Bc4 Kh8 33. Bxa6 h5 34. Bc4 g5 35. Kh2 Bg4 36. Re1 Kg7 37. a5 Kf6 38. a6 h4 39. a7 Ra8 40. Ra6+ Kg7 41. Re7+ Rf7 42. Rxf7+ Kxf7 43. Bxb3 Bc8 44. Ra5 Ke7 45. Bc4 Kd6 46. b4 cxb4 47. cxb4 Bb7 48. b5 Kc5 49. Ba2 Kb6 50. Ra3 Kxb5 51. gxh4 gxh4 52. Kh3 Kc5 53. Kxh4 Rg8 54. Ra5+ Kb6 55. Ra4 Kc5 56. Kh3 Kb6 57.
Rb4+ Kxa7 58. Rxb7+ Kxb7 59. d6 Rd8 60. Bd5+ Kb6 61.
Bxf3 Rxd6 62. Kg3 Kc5 63. Bg4 Kd4 64. f3 Ke3 65. Kg2 Rd1 66. Kg3 Rg1+ 67. Kh2 Kf2 68. Kh3 Rh1# 0-1

[Event "Late-Titled-Tuesday-Blitz-April-23-2024"]
[Site "Chess.com"]
[Date "2024.04.23"]
[Round "7"]
[White "subham777"]
[Black "Kostukov_Alex"]
[Result "1-0"]
[WhiteElo "2535"]
[BlackElo "2368"]
[TimeControl "180+1"]
[EndTime "15:19:59 PDT"]
[Termination "subham777 won on time"]

1. e4 c5 2. Nf3 g6 3. c3 Bg7 4.
d4 cxd4 5. cxd4 d5 6. exd5 Bf6 7. Nc3 Bg7 8. Bc4 Nf6 9. O-O O-O 10. Re1 Nbd7 11. Bg5 Nb6 12. Bb3 h6 13. Bxf6 Bxf6 14. Ne5 Qd6 15. Qf3 Bf5 16. Rad1 h5 17. Ne4 Bxe4 18. Qxe4 Rad8 19. Nxg6 fxg6 20. Qxg6+ Bg7 21. Re6 Qf4 22. Rf1 Rd6 23. Bc2 Rxe6 24. Qh7+ Kf7 25. Qxh5+ Kg8 26. Qh7+ Kf7 27. Qh5+ Kg8 28. dxe6 Qh6 29.
Qg4 Kh8 30. h3 Nd5 31. Qe4 Nf6 32. Qg6 Qxg6 33. Bxg6 Nd5 34. Rc1 Bxd4 35. Be4 Bxf2+ 36. Kh1 Nf6 37. Bxb7 Rb8 38. Rc7 Ng8 39. g4 Bb6 40. Rd7 Bc5 41. b3 Nf6 42. Rc7 Bd6 43. Rc8+ Rxc8 44.
Bxc8 Ne4 45. Kg2 Kg7 46. h4 Kf6 47. g5+ Ke5 48. Kf3 Nc3 49. a4 Nd5 50. Ba6 Nf4 51. Bc4 Nxe6 52. Kg4 Nf4 53. h5 Ne6 54. h6 Nf8 55. Kh5 Bc5 56. g6 Nxg6 57. Kxg6 1-0

[Event "Late-Titled-Tuesday-Blitz-April-23-2024"]
[Site "Chess.com"]
[Date "2024.04.23"]
[Round "7"]
[White "ATM622"]
[Black "LeninGuerra"]
[Result "1/2-1/2"]
[WhiteElo "2518"]
[BlackElo "2669"]
[TimeControl "180+1"]
[EndTime "15:20:00 PDT"]
[Termination "Game drawn - insufficient material"]

1. d4 Nf6 2. c4 c5 3. d5 b5 4.
cxb5 a6 5. e3 d6 6. Nc3 g6 7. Nf3 Bg7 8. a4 O-O 9. Be2 axb5 10.
Bxb5 Ba6 11. O-O Bxb5 12. Nxb5 Nbd7 13. Re1 Nb6 14. e4 Qd7 15. e5 dxe5 16. Nxe5 Qxd5 17. Qxd5 Nfxd5 18. a5 Rfb8 19. Nc6 Rb7 20. a6 Rd7 21. Bd2 Kf8 22. a7 Rc8 23. Ra6 Bxb2 24. Rb1 Bf6 25. Na3 Kg7 26. Ba5 Na8 27. Nb8 Rd6 28. Rxd6 exd6 29.
Nd7 Nb4 30. g3 Bd4 31. Nb5 Be5 32. Bxb4 cxb4 33. Rxb4 Rc6 34. Nxe5 dxe5 35. Ra4 h5 36. Kg2 g5 37. h4 f6 38. hxg5 fxg5 39. Kf3 Kg6 40.
Ke4 h4 41. Kd5 Rc1 42. gxh4 gxh4 43. Kxe5 Rc5+ 44. Kd6 Rxb5 45. Rxh4 Ra5 46. Kc6 Rxa7 47. Rb4 Kf5 48. Rb8 Ra1 49. Rf8+ Ke4 50. Kb7 Ra2 51. Rxa8 Rb2+ 52. Kc7 Kf3 53. Rf8+ Kg4 54. f4 Rf2 55. Rg8+ Kxf4 56. Rf8+ Ke3 57. Rxf2 Kxf2 1/2-1/2

[Event "Late-Titled-Tuesday-Blitz-April-23-2024"]
[Site "Chess.com"]
[Date "2024.04.23"]
[Round "7"]
[White "titomagno_64"]
[Black "Slovak_fighter2000"]
[Result "0-1"]
[WhiteElo "2318"]
[BlackElo "2548"]
[TimeControl "180+1"]
[EndTime "15:20:03 PDT"]
[Termination "Slovak_fighter2000 won on time"]

1. d4 Nf6 2. c4 g6 3. Nc3 Bg7 4. e4 d6 5. Nf3 O-O 6. Be2 Bg4 7.
Be3 Nfd7 8. O-O Bxf3 9. Bxf3 Nc6 10. Be2 e5 11. d5 Nd4 12. Nb5 Nxe2+ 13. Qxe2 a6 14.
Nc3 f5 15. f3 f4 16. Bf2 g5 17. b4 h5 18. c5 Nf6 19. b5 g4 20. b6 cxb6 21. cxd6 Qxd6 22. Na4 gxf3 23. gxf3 Nd7 24. Rac1 Rac8 25. Rc2 Rxc2 26. Qxc2 b5 27. Nb2 Bf6 28. Rc1 Bd8 29. Nd3 Kh7 30. Kh1 Rg8 31. Qc8 Bb6 32. Qxb7 Bxf2 33. Nxf2 Rg7 34. Rg1 Rxg1+ 35. Kxg1 Kg6 36.
Nd3 Nc5 37. Qc6 Qxc6 38. dxc6 Ne6 39. Nxe5+ Kf6 40. Nd7+ Ke7 41. Ne5 Kd6 42. Nd3 Kxc6 43. Kf2 a5 44. Ke1 b4 45. Kd2 Kb5 46. Kc2 Kc4 47.
Nb2+ Kd4 48. Nd3 Ke3 49. e5 Kxf3 50. Nb2 Ke4 51. Kd2 f3 52. Ke1 Ke3 53. Nc4+ Kd4 54. Nxa5 Kxe5 55. Nb3 Ke4 56. Kf2 Ng5 57. Nd2+ Kf4 58.
h4 Ne4+ 59. Nxe4 Kxe4 60. Kg3 Ke3 0-1

[Event "Late-Titled-Tuesday-Blitz-April-23-2024"]
[Site "Chess.com"]
[Date "2024.04.23"]
[Round "7"]
[White "stollenmonster"]
[Black "Hamisandwich"]
[Result "0-1"]
[WhiteElo "2908"]
[BlackElo "2754"]
[TimeControl "180+1"]
[EndTime "15:20:05 PDT"]
[Termination "Hamisandwich won by resignation"]

1. e4 e6 2. Nc3 d5 3. g3 Nf6 4.
Bg2 Nc6 5. Nge2 d4 6. Nb1 d3 7. cxd3 e5 8. d4 Nxd4 9. Nxd4 Qxd4 10. d3 Bg4 11. Qb3 Qb4+ 12. Nc3 Qxb3 13. axb3 a6 14. Ra5 Nd7 15. Be3 O-O-O 16. O-O Be6 17. Rc1 Bxb3 18. d4 Bb4 19. Raa1 exd4 20. Bxd4 f6 21. Nd5 Bd6 22. Rc3 Bxd5 23. exd5 Kb8 24. Bh3 Rhe8 25. Be6 Nf8 26. Bf5 Be5 27. Rc4 Bxd4 28. Rxd4 Re5 29. Be4 c5 30. Rda4 Nd7 31. Bf3 Nb6 32.
Ra5 c4 33. Rc1 Rc8 34. Kg2 g6 35. h4 h5 36. Rc3 Rd8 37. b3 Nxd5 38. Bxd5 Rdxd5 39. Rxd5 Rxd5 40. Rxc4 Rb5 41. b4 a5 42. bxa5 Rxa5 43.
Rf4 Rf5 44. Rd4 Kc7 45. Re4 Kd6 46. Re8 b5 47. Rg8 g5 48. hxg5 fxg5 49. f3 b4 50. Rb8 Kc5 51. Kf2 Kc4 52. Ke3 b3 53. f4 gxf4+ 54.
gxf4 Rb5 55. Rc8+ Kb4 56. Kd2 b2 57. Kc2 Rc5+ 58. Rxc5 Kxc5 59. Kxb2 h4 60. f5 h3 0-1

[Event "Late-Titled-Tuesday-Blitz-April-23-2024"]
[Site "Chess.com"]
[Date "2024.04.23"]
[Round "7"]
[White "super_emi_26"]
[Black "english_player_89"]
[Result "1/2-1/2"]
[WhiteElo "2697"]
[BlackElo "2534"]
[TimeControl "180+1"]
[EndTime "15:20:05 PDT"]
[Termination "Game drawn - insufficient material"]

1. b3 d5 2. Bb2 Qd6 3. Nf3 Nd7 4. d4 Ngf6 5. c4 c6 6. Nc3 e5 7. dxe5 Nxe5 8. cxd5 Nxf3+ 9. exf3 cxd5 10. Bb5+ Bd7 11. O-O Be7 12. a4 O-O 13. Ba3 Qe5 14. Bxe7 Qxe7 15.
Nxd5 Nxd5 16. Qxd5 Be6 17. Qe4 a6 18. Bc4 Rfe8 19.
Rfe1 Rad8 20. Bxe6 Qxe6 21. Qxe6 Rxe6 22. Rxe6 fxe6 23.
Re1 Rd3 24. b4 Rb3 25. g3 Kf7 26. Re4 Rxf3 27. Rc4 b5 28. Rc7+ Kf6 29. axb5 axb5 30. Rb7 Rf5 31. f4 h5 32. Kg2 g5 33. fxg5+ Kxg5 34. Rb6 Kf6 35. Kh3 Re5 36. Kh4 Kg6 37. Kh3 Kg5 38. Kg2 Kg4 39. h3+ Kf5 40. Kf3 Kg5 41.
Rb8 Rd5 42. Ke4 Kf6 43. Rc8 Re5+ 44. Kf3 Rf5+ 45. Kg2 Rd5 46. Rb8 Kf5 47. Kf3 Rd3+ 48. Kf2 Ke4 49. Rxb5 Rd2+ 50. Ke1 Rb2 51. Rxh5 Kf3 52.
Rb5 Kxg3 53. Rb8 Kxh3 54. b5 Kg3 55. b6 Kf4 56. Kd1 Ke3 57. b7 e5 58. Kc1 Rb6 59. Kc2 e4 60. Kc3 Ke2 61. Kd4 e3 62. Kc5 Rb1 63.
Kc6 Ke1 64. Re8 e2 65. b8=Q Rxb8 66. Rxb8 Kd2 67. Re8 e1=Q 68. Rxe1 Kxe1 1/2-1/2

[Event "Late-Titled-Tuesday-Blitz-April-23-2024"]
[Site "Chess.com"]
[Date "2024.04.23"]
[Round "7"]
[White "wild3000"]
[Black "VladimirBugayev"]
[Result "1-0"]
[WhiteElo "2425"]
[BlackElo "2241"]
[TimeControl "180+1"]
[EndTime "15:20:06 PDT"]
[Termination "wild3000 won on time"]

1. a3 g6 2. h4 h5 3. e4 Bg7 4. d4 c5 5. dxc5 a5 6. Nc3 Na6 7. Be3 Nf6 8. Nf3 Ng4 9. Bd4 e5 10. Be3 Nxe3 11. fxe3 Nxc5 12. Qd5 d6 13. Bb5+ Kf8 14.
O-O-O Be6 15. Qxd6+ Qxd6 16. Rxd6 Ke7 17. Rhd1 Rhc8 18.
Ng5 Bg4 19. R1d2 f6 20. Nf3 Bh6 21. Rb6 Kf7 22. Re2 Rc7 23. Bc4+ Kg7 24. Nd5 Rc6 25. Rb5 Nxe4 26. Rxb7+ Kh8 27. Ne7 Rxc4 28. Nxg6+ Kg8 29.
Ne7+ Kf8 30. Ng6+ Ke8 31. Rh7 Bf8 32. Nxf8 Rac8 33. Ng6 Ng3 34. Rd2 Ne4 35. Rh8+ Kf7 36. Rxc8 Rxc8 37. Ngxe5+ fxe5 38. Nxe5+ Ke6 39. Nd3 Ke7 40.
b4 Nd6 41. Nf4 Nc4 42. Rd3 axb4 43. axb4 Ne5 44. Rd5 Nc4 45. e4 Ra8 46. c3 Ra1+ 47. Kc2 Ne3+ 48. Kb2 Nxd5 49. Nxd5+ Kd6 50. Kxa1 Be6 51.
c4 Bg4 52. Kb2 Be2 53. Kc3 Bf1 54. Kd4 Bxg2 55. c5+ Kc6 56. b5+ Kxb5 57. Nf6 Bf3 58. Kd5 Bd1 59. Kd6 Bb3 60. c6 Kb6 61. e5 1-0

[Event "Late-Titled-Tuesday-Blitz-April-23-2024"]
[Site "Chess.com"]
[Date "2024.04.23"]
[Round "7"]
[White "Nimrod_Veinberg"]
[Black "chucksterf10"]
[Result "1-0"]
[WhiteElo "2817"]
[BlackElo "2621"]
[TimeControl "180+1"]
[EndTime "15:20:07 PDT"]
[Termination "Nimrod_Veinberg won by checkmate"]

1. e4 Nc6 2. Nf3 d5 3. exd5 Qxd5 4. Nc3 Qh5 5. Nb5 Kd8 6. h3 a6 7. Nc3 e5 8. d4 exd4 9. Be2 Bd7 10. Nxd4 Qg6 11. Nxc6+ Qxc6 12. Bf3 Qe6+ 13. Be3 Bc5 14. O-O Bxe3 15. fxe3 Kc8 16. Kh1 Nf6 17. Nd5 Rd8 18.
Nxf6 gxf6 19. Bg4 Qe5 20. Bxd7+ Rxd7 21. Qg4 Qg5 22. Qe4 Qg6 23. Qe8+ Rd8 24. Qe7 Rd7 25. Qxf6 Kb8 26. Qxg6 hxg6 27. Rad1 Re7 28. Rd8+ Ka7 29. Rxa8+ Kxa8 30. Kg1 f5 31. Kf2 b5 32. Ke2 Kb7 33.
g4 Rh7 34. gxf5 gxf5 35. Rh1 Rh4 36. Kf3 Kc6 37. Kg3 Re4 38. h4 Rxe3+ 39. Kf4 Re2 40. h5 Rf2+ 41. Ke5 Rxc2 42. h6 Rxb2 43. Kf6 Rd2 44.
h7 Rd8 45. h8=Q Rxh8 46. Rxh8 b4 47. Kxf5 Kd5 48. Ra8 c5 49. Rxa6 c4 50. Kf4 Kd4 51.
Rd6+ Kc3 52. Ke3 Kb2 53. Rc6 c3 54. Kd3 Kxa2 55. Kc2 b3+ 56. Kxc3 b2 57. Ra6+ Kb1 58. Rb6 Ka1 59. Ra6+ Kb1 60. Rb6 Ka1 61. Kc2 b1=N 62. Rxb1+ Ka2 63. Rb3 Ka1 64. Ra3# 1-0